 Dungeon Crawl Stone Soup version 0.31-a0-1547-g618ab1f346 (webtiles) character file.

Game seed: 7710363344612990202

518 Leeroy the Carver (level 7, -1/50 HPs)
             Began as a Merfolk Gladiator on Jan 2, 2024.
             Was an Initiate of Okawaru.
             Slain by a sleepcap (7 damage)
             ... on level 5 of the Dungeon.
             The game lasted 00:11:22 (4783 turns).

Leeroy the Carver (Merfolk Gladiator)               Turns: 4783, Time: 00:11:23

Health: -1/50      AC:  9    Str: 15    XL:     7   Next: 21%
Magic:  7/7        EV: 12    Int:  7    God:    Okawaru [......]
Gold:   200        SH:  0    Dex: 17    Spells: 6/6 levels left

rFire   . . .        s - +1 long sword (elec)
rCold   . . .        (no shield)
rNeg    . . .        A - +0 ring mail {rPois}
rPois   +            c - +0 helmet
rElec   .            u - +0 cloak
rCorr   .            o - +1 pair of gloves
SInv    .            (no boots)
Will    .....        (no amulet)
Stlth   +            (no ring)
HPRegen 0.28/turn    (no ring)
MPRegen 0.10/turn

%: no passive effects
@: no status effects
A: (nimble swimmer 2), mertail
a: Renounce Religion


You were on level 5 of the Dungeon.
You worshipped Okawaru.
Okawaru was noncommittal.
You visited 1 branch of the dungeon, and saw 5 of its levels.

You collected 200 gold pieces.

Inventory:

Hand Weapons
 a - a +0 long sword
 g - a +0 dagger of holy wrath
 i - a +1 antimagic short sword
 s - a +1 long sword of electrocution (weapon)
 v - a +0 falchion of holy wrath
 z - a +2 falchion of protection
Missiles
 d - 4 throwing nets (quivered)
 e - a javelin
 p - 6 poisoned darts
Armour
 b - a +0 leather armour
 c - a +0 helmet (worn)
 o - a +1 pair of gloves (worn)
 u - a +0 cloak (worn)
 A - a +0 ring mail of poison resistance (worn)
Jewellery
 C - the amulet "Monevi Resot" {RegenMP *Slow rElec rPois rF++}
   (You took it off a gnoll on level 3 of the Dungeon)

   [amulet of magic regeneration]

   RegenMP:   It increases your rate of magic regeneration.
   rF++:      It greatly protects you from fire.
   rElec:     It insulates you from electricity.
   rPois:     It protects you from poison *Slow: It may slow you when you take
   damage.
Talismans
 E - a serpent talisman
Scrolls
 f - a scroll of enchant armour {unknown}
 j - a scroll of fear {unknown}
 l - 3 scrolls of vulnerability {unknown}
 n - a scroll of immolation {unknown}
 x - a scroll of enchant weapon {unknown}
 y - 2 scrolls of teleportation {unknown}
 B - a scroll of amnesia {unknown}
 D - a scroll of identify {unknown}
Potions
 h - 3 potions of heal wounds {unknown}
 k - a potion of cancellation {unknown}
 m - a potion of might {unknown}
 q - a potion of mutation {unknown}
 r - a potion of brilliance {unknown}
 t - a potion of invisibility {unknown}
 w - a potion of curing {unknown}


   Skills:
 - Level 2.1 Fighting
 * Level 9.6 Long Blades
 - Level 2.0 Throwing
 - Level 4.0 Dodging


You had 6 spell levels left.
You didn't know any spells.
Your spell library was empty.

Dungeon Overview and Level Annotations

Branches:
Dungeon (5/15)
 Temple: D:4-7

Altars:
Okawaru
Ru
Xom

Shops:
D:2 =


Innate Abilities, Weirdness & Mutations

((You are very nimble when in or above water. (Stealth+, EV+, Speed+++)))
Your lower body shifts to a powerful aquatic tail in water.


Message History

The sleepcap is moderately damaged.
The sleepcap releases spores at you.
You are engulfed in a cloud of soporific spores!
You fall asleep.
You wake up.
The ogre attacks as it pursues you! The ogre hits you with a +0 giant club!
The sleepcap attacks as it pursues you! The sleepcap misses you.
You hit the ogre.
The ogre is lightly wounded.
You closely miss the ogre.
The ogre is lightly wounded.
The ogre hits you with a +0 giant club!!
You hit the ogre.
The ogre is lightly wounded.
The ogre hits you with a +0 giant club.
You slash the ogre!
The ogre is heavily wounded.
You slash the ogre!
The ogre is almost dead.
The ogre hits you with a +0 giant club.
You closely miss the ogre.
The ogre is almost dead.
The ogre hits you with a +0 giant club!
* * * LOW HITPOINT WARNING * * *
You hit the ogre.
The ogre is almost dead.
Throw: 5 throwing nets
Press: ? - help, Q - select action, (/) - cycle Shift-Dir - straight line, f - ogre
Aim: an ogre, wielding a +0 giant club (almost dead, 74% to hit)
You throw a throwing net. The throwing net hits the ogre.
The ogre is caught in the net!
The ogre is almost dead.
The ogre struggles against the net.
You slash the ogre!
You kill the ogre!
Okawaru accepts your kill.
You hit the sleepcap.
The sleepcap is heavily damaged.
The sleepcap releases spores at you!
You die...

... ### #.## ..# #..## #.# #
##.#.## #.# #. ###...#.########
#.# #.. #............... #.#
##...##### #....<..........
#.##...........###......#........
...............f@....#........<..
####...........###...##..........
# ###...##### #...##.......... .#
#......# #....>.......... .#
#......# #######.######## .#
#......# #.# ## #......# #.# #
#....f<# #.# # #.#....## #..


You could see a sleepcap.

Vanquished Creatures
  An ogre (D:5)
  A bombardier beetle (D:4)
  A howler monkey (D:4)
  A hound (D:5)
  2 sleepcaps
  7 adders
  7 gnolls
  A white imp (D:4)
  3 dart slugs (D:3)
  4 ribbon worms
  8 orcs (D:4)
  9 endoplasms
  10 giant cockroaches
  12 goblins
  7 hobgoblins
  6 jackals (D:2)
  4 quokkas
  7 ball pythons
  5 bats
  A frilled lizard (D:1)
  6 kobolds
  13 rats
116 creatures vanquished.

Notes
Turn   | Place    | Note
-------+----------+-------------------------------------------
     0 | D:1      | Leeroy the Merfolk Gladiator began the quest for the Orb.
     0 | D:1      | Reached XP level 1. HP: 16/16 MP: 1/1
    35 | D:1      | Reached skill level 4 in Long Blades
    80 | D:1      | Reached XP level 2. HP: 22/22 MP: 2/2
   423 | D:1      | Reached XP level 3. HP: 24/27 MP: 3/3
   425 | D:1      | Reached skill level 5 in Long Blades
   922 | D:2      | Found a faded altar of an unknown god.
  1174 | D:2      | Found a shimmering altar of Xom.
  1283 | D:2      | Reached XP level 4. HP: 11/33 MP: 4/4
  1419 | D:2      | Found Zuwekhen's Jewellery Emporium.
  1590 | D:2      | Reached skill level 6 in Long Blades
  2439 | D:3      | Identified the amulet "Monevi Resot" {RegenMP *Slow rElec
                  | rPois rF++}
  2699 | D:4      | Reached skill level 7 in Long Blades
  2699 | D:4      | Reached XP level 5. HP: 38/38 MP: 5/5
  3021 | D:4      | Found an iron altar of Okawaru.
  3025 | D:4      | Found a sacrificial altar of Ru.
  3027 | D:4      | Became a worshipper of Warmaster Okawaru
  3050 | D:4      | Reached XP level 6. HP: 41/44 MP: 6/6
  3296 | D:4      | Reached skill level 8 in Long Blades
  3568 | D:5      | Entered Level 5 of the Dungeon
  4513 | D:3      | Reached skill level 9 in Long Blades
  4748 | D:5      | Reached XP level 7. HP: 50/50 MP: 7/7
  4783 | D:5      | Slain by a sleepcap

Illustrated notes

Levels and vault maps discovered:
D:1:      ncdulo_smallfort, layout_loops_ring, hangedman_abyss_or_decor_stabs,
          minmay_pentomino_x2
D:2:      layout_basic, hellmonk_ecumenical_altar_dog_temple, basic_altar,
          serial_shops, shop_statue
D:3:      minmay_octagon_keep, layout_loops_ring, minmay_joined_circles
D:4:      layout_basic, grunt_temple_overflow_open
D:5:      layout_loops_cross

Skill      XL: |  1  2  3  4  5  6 |
---------------+-------------------+-----
Long Blades    | 4 5 7 9 |  9.6
Fighting       | |  2.1
Throwing       | |  2.0
Dodging        | |  4.0

Action                     |  1- 3 |  4- 6 |  7- 9 || total
---------------------------+-------+-------+-------++-------
  Melee: Long sword        |   119 |   218 |    10 ||   347
         Punch             |       |     2 |       ||     2
  Throw: Throwing net      |       |       |     1 ||     1
   Stab: Sleeping          |     1 |       |       ||     1
 Armour: Leather armour    |    59 |    78 |       ||   137
         Ring mail         |       |    50 |     7 ||    57
  Dodge: Dodged            |    88 |   172 |     1 ||   261

Table legend: (Time is in decaauts)
 A = Elapsed time spent in this place.
 B = Non-inter-level travel time spent in this place.
 C = Inter-level travel time spent in this place.
 D = Time resting spent in this place.
 E = Time spent auto-exploring this place.
 F = Levels seen in this place.
 G = Mean time per level.
                   A        B        C        D        E       F      G
               +--------+--------+--------+--------+--------+-----+--------+
         Total |   4805 |   4638 |    167 |    510 |   3149 |   5 |  961.0 |
       Dungeon |   4805 |   4638 |    167 |    510 |   3149 |   5 |  961.0 |
               +--------+--------+--------+--------+--------+-----+--------+

Top non-repeatable levels by time:
     D:4: 1472 daAuts
     D:3: 1196 daAuts
     D:2: 1123 daAuts
     D:1: 765 daAuts
     D:5: 249 daAuts
